 Dungeon Crawl Stone Soup version 0.31-a0-765-g67fe2935dc (webtiles) character file.

Game seed: 6417394286240773318

245 cforsyth the Trooper (level 6, 0/49 HPs)
             Began as a Djinni Delver on Sept 15, 2023.
             Slain by a frilled lizard (3 damage)
             ... in a sewer.
             The game lasted 00:03:13 (1490 turns).

cforsyth the Trooper (Djinni Delver)                Turns: 1490, Time: 00:03:13

Health: 0/49       AC: -1    Str: 11    XL:     6   Next: 32%
Gold:   23         EV: 12    Int: 13    God:
                   SH:  0    Dex: 15

rFire   + + .        a - +0 falchion
rCold   x . .        (no shield)
rNeg    . . .        b - +0 leather armour
rPois   ∞            (no helmet)
rElec   .            (no cloak)
rCorr   .            (no gloves)
SInv    .            (boots unavailable)
Will    .....        (no amulet)
Stlth   ++           (no ring)
HPRegen 0.28/turn    (no ring)
MPRegen 0.00/turn

%: infuse magic (-1 HP)
@: corroded, flying
A: sickness immunity, fire resistance 2, cold vulnerability 1, float, innate
caster, HP casting, extra vitality 1
a: no special abilities


You were in a sewer.
You visited 1 branch of the dungeon, and saw 2 of its levels.
You also visited: Sewer and Ossuary.

You collected 23 gold pieces.

Inventory:

Hand Weapons
 a - a +0 falchion (weapon)
Armour
 b - a +0 leather armour (worn)
Wands
 g - a wand of digging (3)
 o - a wand of roots (7)
Scrolls
 c - a scroll of fog
 d - 2 scrolls of revelation
 e - a scroll of enchant weapon {unknown}
 h - a scroll of noise {unknown}
 l - 2 scrolls of identify {unknown}
 p - 2 scrolls of poison {unknown}
Potions
 f - a potion of haste
 i - 2 potions of berserk rage {unknown}
 j - 3 potions of curing {unknown}
 k - a potion of mutation {unknown}
 m - a potion of heal wounds {unknown}
 n - a potion of cancellation {unknown}
 q - 2 potions of might {unknown}


   Skills:
 + Level 5.1 Fighting
 - Level 1.7 Long Blades
 - Level 2.1 Dodging
 - Level 4.1 Stealth
 + Level 2.8 Spellcasting
 + Level 2.8 Conjurations
 + Level 2.8 Hexes
   Level 0.0 Charms
 + Level 2.8 Summonings
 + Level 2.8 Necromancy
 + Level 2.8 Translocations
 + Level 2.8 Transmutations
 + Level 2.8 Fire Magic
 + Level 2.8 Ice Magic
 + Level 2.8 Air Magic
 + Level 2.8 Earth Magic
 + Level 2.8 Poison Magic


You knew the following spells:

 Your Spells              Type           Power      Damage    Failure   Level
a - Apportation           Tloc           18%        N/A       10%         1
b - Jinxbite              Hex            18%        N/A       14%         2
Your spell library was empty.

Dungeon Overview and Level Annotations

Branches:
Dungeon (5/15)              Sewer (1/1)             Ossuary (visited)
 Temple: D:4-7

Altars:

Annotations:
D:5 Duvessa


Innate Abilities, Weirdness & Mutations

You are immune to sickness and miasma.
You are immune to poison.
Your flesh is very heat resistant. (rF++)
You are vulnerable to cold. (rC-)
You float through the air rather than walking.
You learn spells naturally, not from books.
Your magical power is your life essence.
You have superior vitality. (+4 MHP)


Message History

A frilled lizard comes into view.
You hit the giant cockroach.
The giant cockroach is heavily wounded.
The giant cockroach closely misses you.
The giant cockroach completely misses you.
You hit the giant cockroach.
You kill the giant cockroach!
An endoplasm comes into view.
The frilled lizard bites you.
You closely miss the frilled lizard. The frilled lizard closely misses you.
A jelly comes into view.
You hit the jelly.
Your hands burn!
The jelly is lightly wounded.
The jelly hits you.
You are splashed with acid!
The frilled lizard hisses.
The frilled lizard barely misses you.
You slash the jelly! The acid corrodes you!
Your hands burn!
The jelly is severely wounded.
The frilled lizard bites you. The jelly hits you.
You are splashed with acid!
You are too injured to fight recklessly!
You are too injured to fight recklessly!
You are too injured to fight recklessly!
You are too injured to fight recklessly!
You are too injured to fight recklessly!
You are too injured to fight recklessly!
You are too injured to fight recklessly!
You hit the jelly.
Your hands burn!
The jelly is almost dead.
The jelly hits you. The acid corrodes you!
You are splashed with acid.
The frilled lizard completely misses you.
The jelly hits you.
* * * LOW HITPOINT WARNING * * *
You are splashed with acid!
* * * LOW HITPOINT WARNING * * *
The frilled lizard bites you.
* * * LOW HITPOINT WARNING * * *
You hit the jelly.
You kill the jelly!
The frilled lizard bites you.
You die...

#~.# #~.# #..#
#..####..# #~~#
#..~....~# #..#
#......~.# #~~#
########## #~.# #####
##~.# ##..~## #~..#
#.lJ~.# ##.†## #~@#
###...# ####~~##
##...~.#
##~~....####..~~~##
####~..~.~.~##~.~.###
##.~...~###.~..~~.##
#~~~~~~##.##....~##
#~~J~.##~.#...##~..~#
#..~~..###~~##~~.~~...##
#_?l.BJ #~.~##~.~...~~#


You could see an endoplasm and a frilled lizard.

Vanquished Creatures
  A phantom (D:5)
  A scorpion (D:5)
  A jelly (Sewer)
  An iguana (D:4)
  2 adders (Sewer)
  3 river rats (D:4)
  A worm (D:4)
  6 ball pythons
  11 endoplasms (Sewer)
  2 giant cockroaches (Sewer)
  A hobgoblin (D:4)
  2 ball python skeletons (Ossuary)
  A frilled lizard (Sewer)
  A goblin zombie (D:5)
  2 hobgoblin skeletons (Ossuary)
  2 hobgoblin zombies (Ossuary)
  2 kobold zombies (Ossuary)
  An orc skeleton (Ossuary)
  4 rats
  A rat zombie (D:5)
46 creatures vanquished.

Notes
Turn   | Place    | Note
-------+----------+-------------------------------------------
     0 | D:5      | cforsyth the Djinni Delver began the quest for the Orb.
     0 | D:5      | Reached XP level 1. HP: 20/20 MP: 0/0
    45 | D:5      | Found a sand-covered staircase.
    53 | Ossuary  | Entered an ossuary
   159 | Ossuary  | Reached XP level 2. HP: 24/25 MP: 0/0
   180 | Ossuary  | Noticed a wraith
   180 | Ossuary  | Noticed a flying skull
   187 | Ossuary  | Noticed a flying skull
   214 | Ossuary  | Noticed a flying skull
   222 | Ossuary  | Noticed a wraith
   400 | D:5      | Noticed Duvessa
   421 | D:5      | Noticed a phantom
   432 | D:5      | Noticed a scorpion
   438 | D:5      | Killed a phantom
   439 | D:5      | Reached skill level 4 in Fighting
   439 | D:5      | Reached skill level 1 in Spellcasting
   439 | D:5      | Reached skill level 1 in Conjurations
   439 | D:5      | Reached skill level 1 in Hexes
   439 | D:5      | Reached skill level 1 in Summonings
   439 | D:5      | Reached skill level 1 in Necromancy
   439 | D:5      | Reached skill level 1 in Translocations
   439 | D:5      | Reached skill level 1 in Transmutations
   439 | D:5      | Reached skill level 1 in Fire Magic
   439 | D:5      | Reached skill level 1 in Ice Magic
   439 | D:5      | Reached skill level 1 in Air Magic
   439 | D:5      | Reached skill level 1 in Earth Magic
   439 | D:5      | Reached skill level 1 in Poison Magic
   439 | D:5      | Reached XP level 3. HP: 10/31 MP: 0/0
   439 | D:5      | Learned a level 1 spell: Apportation
   439 | D:5      | Reached XP level 4. HP: 12/37 MP: 0/0
   446 | D:5      | Killed a scorpion
   447 | D:5      | Reached XP level 5. HP: 8/42 MP: 0/0
   447 | D:5      | Learned a level 2 spell: Jinxbite
   580 | D:4      | Found a glowing drain.
   703 | D:4      | Reached XP level 6. HP: 18/49 MP: 0/0
   802 | Sewer    | Entered a sewer
   903 | Sewer    | Reached skill level 5 in Fighting
  1467 | Sewer    | Found a viscous altar of Jiyva.
  1490 | Sewer    | Slain by a frilled lizard

Illustrated notes

Levels and vault maps discovered:
D:4:      layout_basic, old_standard_altar, mainiacjoe_overflow_alcove_1,
          portal_sewer_entry_a
D:5:      layout_basic, enter_ossuary_4, uniq_duvessa
Sewer:    sewer_hellmonk_slimy_pipes

Skill      XL: |  1  2  3  4  5  6 |
---------------+-------------------+-----
Fighting       | 4 5 |  5.1
Spellcasting   | 1 2 |  2.8
Conjurations   | 1 2 |  2.8
Hexes          | 1 2 |  2.8
Summonings     | 1 2 |  2.8
Necromancy     | 1 2 |  2.8
Translocations | 1 2 |  2.8
Transmutations | 1 2 |  2.8
Fire Magic     | 1 2 |  2.8
Ice Magic      | 1 2 |  2.8
Air Magic      | 1 2 |  2.8
Earth Magic    | 1 2 |  2.8
Poison Magic   | 1 2 |  2.8
Long Blades    | |  1.7
Dodging        | |  2.1
Stealth        | |  4.1

Action                     |  1- 3 |  4- 6 || total
---------------------------+-------+-------++-------
  Melee: Falchion          |    41 |   112 ||   153
         Punch             |       |     2 ||     2
    Use: Scroll            |       |     1 ||     1
   Stab: Sleeping          |     3 |     6 ||     9
         Distracted        |       |     1 ||     1
 Armour: Leather armour    |    15 |    86 ||   101
  Dodge: Dodged            |    25 |   102 ||   127

Table legend: (Time is in decaauts)
 A = Elapsed time spent in this place.
 B = Non-inter-level travel time spent in this place.
 C = Inter-level travel time spent in this place.
 D = Time resting spent in this place.
 E = Time spent auto-exploring this place.
 F = Levels seen in this place.
 G = Mean time per level.
                   A        B        C        D        E       F      G
               +--------+--------+--------+--------+--------+-----+--------+
         Total |   1520 |   1520 |      0 |    337 |    597 |   4 |  380.0 |
       Dungeon |    590 |    590 |      0 |    245 |    117 |   2 |  295.0 |
         Sewer |    701 |    701 |      0 |     92 |    371 |   1 |  701.0 |
       Ossuary |    228 |    228 |      0 |      0 |    109 |   1 |  228.0 |
               +--------+--------+--------+--------+--------+-----+--------+

Top non-repeatable levels by time:
   Sewer: 701 daAuts
     D:5: 360 daAuts
     D:4: 229 daAuts
 Ossuary: 228 daAuts
